 Dungeon Crawl Stone Soup version 0.26-a0-639-g72c4674329 (webtiles) character file.

Game seed: 5004119262852536420

1598 Lanoc the Firebug (level 8, -17/60 HPs)
             Began as a Gnoll Fire Elementalist on Sept 28, 2020.
             Was a Follower of Uskayaw.
             Demolished by an orc warrior
             ... wielding a +0 halberd
              (23 damage)
             ... on level 6 of the Dungeon.
             The game lasted 00:06:53 (5879 turns).

Lanoc the Firebug (Gnoll Fire Elementalist)         Turns: 5879, Time: 00:06:53

Health: -17/60     AC:  8    Str: 13    XL:     8   Next: 94%
Magic:  15/17      EV: 15    Int: 20    God:    Uskayaw [*.....]
Gold:   289        SH:  3    Dex: 15    Spells: 14/19 levels left

rFire    + . .     SeeInvis .   v - +4 war axe
rCold    . . .     Faith    .   o - -7 buckler of Midodurhun {-Tele rN++ Str+2 Stlth+} (curse)
rNeg     + + .     Spirit   .   s - +2 robe {rF+}
rPois    .         Reflect  +   (no helmet)
rElec    .         Harm     .   w - +0 cloak
rCorr    .         Rampage  .   (no gloves)
MR       .....     NoTele   +   (no boots)
Stlth    ++........             d - amulet of reflection
HPRegen  0.20/turn              (no ring)
MPRegen  0.15/turn              (no ring)

@: lightly drained, very slow
A: distributed training, fangs 1, thin metallic scales 1, shaggy fur 1, wild
magic 1, strong nose
a: Stomp, Renounce Religion


You were on level 6 of the Dungeon.
You worshipped Uskayaw.
Uskayaw was noncommittal.
You visited 2 branches of the dungeon, and saw 7 of its levels.

You collected 289 gold pieces.

Inventory:

Hand Weapons
 v - a +4 war axe (weapon)
Armour
 o - the cursed -7 buckler of Midodurhun (worn) {-Tele rN++ Str+2 Stlth+}
   (You found it on level 4 of the Dungeon)

   It affects your strength (+2).
   It greatly protects you from negative energy.
   It prevents most forms of teleportation.
   It makes you more stealthy.
   It has a curse placed upon it.
 s - a +2 robe of fire resistance (worn)
 w - a +0 cloak (worn)
Jewellery
 d - an amulet of reflection (around neck)
Wands
 t - a wand of random effects (19)
Scrolls
 a - a scroll of enchant weapon {unknown}
 b - 3 scrolls of identify
 c - 4 scrolls of amnesia
 g - 3 scrolls of magic mapping
 h - a scroll of immolation {unknown}
 p - a scroll of enchant armour {unknown}
 q - 2 scrolls of fear {unknown}
 r - a scroll of fog {unknown}
 u - 2 scrolls of teleportation
Potions
 e - a potion of ambrosia {unknown}
 f - a potion of might {unknown}
 i - a potion of mutation
 j - a potion of flight {unknown}
 k - 2 potions of degeneration {unknown}
 l - a potion of curing {unknown}
 m - 2 potions of brilliance {unknown}
 n - a potion of stabbing


   Skills:
 + Level 3.7(3.6) Fighting
 + Level 3.7(3.6) Short Blades
 + Level 3.7(3.6) Long Blades
 + Level 3.7(3.6) Axes
 + Level 3.7(3.6) Maces & Flails
 + Level 3.7(3.6) Polearms
 + Level 3.7(3.6) Staves
 + Level 3.7(3.6) Slings
 + Level 3.7(3.6) Bows
 + Level 3.7(3.6) Crossbows
 + Level 3.7(3.6) Throwing
 + Level 3.7(3.6) Armour
 + Level 5.9 Dodging
 + Level 5.6(5.5) Stealth
 + Level 3.7(3.6) Shields
 + Level 3.7(3.6) Unarmed Combat
 + Level 6.3(6.2) Spellcasting
 + Level 3.7 Conjurations
 + Level 3.0(2.9) Hexes
 + Level 3.0(2.9) Summonings
 + Level 3.0(2.9) Necromancy
 + Level 3.0(2.9) Translocations
 + Level 3.0(2.9) Transmutations
 + Level 6.3(6.2) Fire Magic
 + Level 3.0(2.9) Ice Magic
 + Level 3.0(2.9) Air Magic
 + Level 3.0(2.9) Earth Magic
 + Level 3.0(2.9) Poison Magic
 + Level 4.0 Invocations
 + Level 3.7(3.6) Evocations


You had 14 spell levels left.
You knew the following spells:

 Your Spells              Type           Power        Failure   Level
a - Foxfire               Conj/Fire      ####         2%          1
b - Sticky Flame          Conj/Fire      ####....     21%         4

Your spell library contained the following spells:

 Spells                   Type           Power        Failure   Level
 Magic Dart               Conj           ####         4%          1
 Animate Skeleton         Necr           ###...       5%          1
 Apportation              Tloc           ###...       5%          1
 Corona                   Hex            ###....      5%          1
 Summon Small Mammal      Summ           ###.         5%          1
 Conjure Flame            Conj/Fire      ####....     7%          3
 Blink                    Tloc           N/A          8%          2
 Call Imp                 Summ           ###.....     8%          2
 Slow                     Hex            ###.....     8%          2
 Inner Flame              Hex/Fire       ####....     8%          3
 Mephitic Cloud           Conj/Pois/Air  ###.....     13%         3
 Confusing Touch          Hex            ###.....     14%         3
 Gell's Gravitas          Tloc           ###.......   14%         3
 Petrify                  Tmut/Erth      ###.....     38%         4
 Fireball                 Conj/Fire      ####......   45%         5
 Metabolic Englaciation   Hex/Ice        ###.......   73%         5
 Yara's Violent Unravell  Hex/Tmut       ###.......   73%         5


Dungeon Overview and Level Annotations

Branches:
Dungeon (6/15)             Temple (1/1) D:6

Altars:
Nemelex Xobeh
Okawaru
Trog
Uskayaw


Innate Abilities, Weirdness & Mutations

Your experience applies equally to all skills.
You have very sharp teeth.
Your uncanny sense of smell can sniff out nearby items.
You are partially covered in thin metallic scales. (AC +2)
You are covered in fur. (AC +1)
Your spells are a little harder to cast, but a little more powerful.


Message History

The orc warrior is lightly wounded.
Your foxfire dissipates!
The orc warrior closely misses you. The orc warrior barely misses you.
You enter the shallow water.
Moving in this stuff is going to be slow.
The orc warrior hits you from afar with a +0 halberd!!
The orc warrior barely misses you.
Casting: Foxfire (safe; 1% risk of failure)
Confirm with . or Enter, or press ? or * to list all spells.
You conjure some foxfire!
The orc warrior hits you from afar with a +0 halberd!!
* * * LOW HITPOINT WARNING * * *
The foxfire hits the orc warrior but does no damage. x2
It was a potion of mutation.
You feel extremely strange.
You feel less in control of your magic.
Thin metallic scales grow over part of your body.
Fur sprouts all over your body.
The orc warrior hits you from afar with a +0 halberd!!
You die...

#....# #.#
####.# #.####
#.# #....# #.#
####.# #.# #.#
#.# #.# #.#####
#.#
###.#≈≈≈###.#
#≈≈≈≈≈@≈o≈#.##
#
###≈≈≈≈≈≈§≈..#
. ###≈≈§####.#
## #####....#
##≈###
.).).....###
###≈≈≈≈≈≈
###.)...###...#
.≈≈≈≈≈≈≈≈
#.#######.###.#
...≈≈≈≈≈# #.#
#...## #.#
#..##### #.#
##.## #.#


You could see an orc warrior.

Vanquished Creatures
  A water moccasin (D:6)
  Duvessa (D:5)
  2 ice beasts
  A phantom (D:6)
  A sky beast (D:6)
  An ogre (D:4)
  A bullfrog (D:6)
  Dowan (D:5)
  A centaur zombie (D:6)
  3 orc priests
  2 hounds
  7 orc wizards
  A centaur skeleton (D:5)
  4 jellies
  A bullfrog skeleton (D:4)
  An iguana (D:5)
  3 worker ants
  A worker ant zombie (D:6)
  6 adders
  3 shadow imps
  A white imp (D:5)
  An ooze (D:4)
  2 adder zombies (D:5)
  An adder skeleton (D:3)
  A dart slug (D:2)
  A leopard gecko (D:3)
  28 orcs
  2 giant cockroaches
  6 goblins
  6 hobgoblins
  6 jackals
  4 kobolds
  3 quokkas (D:6)
  2 ball pythons
  2 bats
  2 frilled lizards (D:5)
  A leopard gecko skeleton (D:4)
  6 rats
117 creatures vanquished.

Vanquished Creatures (others)
  501 foxfires
501 creatures vanquished.

Grand Total: 618 creatures vanquished

Notes
Turn   | Place    | Note
-------+----------+-------------------------------------------
     0 | D:1      | Lanoc the Gnoll Fire Elementalist began the quest for the
                  | Orb.
     0 | D:1      | Reached XP level 1. HP: 13/13 MP: 6/6
   394 | D:2      | Reached XP level 2. HP: 19/19 MP: 4/7
   858 | D:2      | Reached skill level 5 in Spellcasting
   858 | D:2      | Reached XP level 3. HP: 25/25 MP: 2/9
  1341 | D:3      | Found a hide-covered altar of Uskayaw.
  1348 | D:3      | Became a worshipper of Uskayaw the Reveler
  1359 | D:3      | Reached skill level 1 in Invocations
  1587 | D:3      | Reached * piety under Uskayaw
  1593 | D:3      | Reached ** piety under Uskayaw
  1595 | D:3      | Reached *** piety under Uskayaw
  1753 | D:3      | Reached skill level 1 in Fighting
  1753 | D:3      | Reached skill level 1 in Short Blades
  1753 | D:3      | Reached skill level 1 in Long Blades
  1753 | D:3      | Reached skill level 1 in Axes
  1753 | D:3      | Reached skill level 1 in Maces & Flails
  1753 | D:3      | Reached skill level 1 in Polearms
  1753 | D:3      | Reached skill level 1 in Staves
  1753 | D:3      | Reached skill level 1 in Slings
  1753 | D:3      | Reached skill level 1 in Bows
  1753 | D:3      | Reached skill level 1 in Crossbows
  1753 | D:3      | Reached skill level 1 in Throwing
  1753 | D:3      | Reached skill level 1 in Armour
  1753 | D:3      | Reached skill level 1 in Shields
  1753 | D:3      | Reached skill level 1 in Unarmed Combat
  1753 | D:3      | Reached skill level 1 in Evocations
  1968 | D:3      | Reached XP level 4. HP: 32/32 MP: 7/11
  2309 | D:4      | Reached skill level 1 in Hexes
  2309 | D:4      | Reached skill level 1 in Summonings
  2309 | D:4      | Reached skill level 1 in Necromancy
  2309 | D:4      | Reached skill level 1 in Translocations
  2309 | D:4      | Reached skill level 1 in Transmutations
  2309 | D:4      | Reached skill level 1 in Ice Magic
  2309 | D:4      | Reached skill level 1 in Air Magic
  2309 | D:4      | Reached skill level 1 in Earth Magic
  2309 | D:4      | Reached skill level 1 in Poison Magic
  2403 | D:4      | Noticed an ogre
  2407 | D:4      | Reached XP level 5. HP: 37/37 MP: 7/12
  2410 | D:4      | Killed an ogre
  2485 | D:4      | Reached XP level 6. HP: 44/44 MP: 8/13
  2493 | D:4      | Reached **** piety under Uskayaw
  2638 | D:4      | Got a crude buckler
  2643 | D:4      | Identified the cursed -7 buckler of Midodurhun {-Tele rN++
                  | Str+2 Stlth+} (You found it on level 4 of the Dungeon)
  2925 | D:4      | Reached skill level 5 in Dodging
  3190 | D:5      | Entered Level 5 of the Dungeon
  3202 | D:5      | Learned a level 4 spell: Sticky Flame
  3357 | D:5      | Found a sparkling altar of Nemelex Xobeh.
  3427 | D:5      | Noticed an ice beast
  3436 | D:5      | Killed an ice beast
  3436 | D:5      | Reached XP level 7. HP: 51/51 MP: 8/15
  3566 | D:5      | Noticed Duvessa
  3604 | D:5      | Noticed Dowan
  3607 | D:5      | Killed Duvessa
  3607 | D:5      | Reached ***** piety under Uskayaw
  3610 | D:5      | Killed Dowan
  3610 | D:5      | Reached skill level 5 in Stealth
  4108 | D:6      | Reached XP level 8. HP: 57/57 MP: 10/16
  4146 | D:6      | Found a staircase to the Ecumenical Temple.
  4180 | Temple   | Entered the Ecumenical Temple
  4951 | D:6      | Found a bloodstained altar of Trog.
  5122 | D:6      | Found an iron altar of Okawaru.
  5879 | D:6      | Gained mutation: Your spells are a little harder to cast,
                  | but a little more powerful. [potion of mutation]
  5879 | D:6      | Gained mutation: You are partially covered in thin metallic
                  | scales. (AC +2) [potion of mutation]
  5879 | D:6      | Gained mutation: You are covered in fur. (AC +1) [potion of
                  | mutation]
  5879 | D:6      | Demolished by an orc warrior

Illustrated notes

Levels and vault maps discovered:
D:1:      dpeg_arrival_water_fire, layout_loops_ring, minivault_5
D:2:      layout_rooms, feat_on_display
D:3:      layout_loops_corners, lemuel_crystal_altar
D:4:      layout_basic
D:5:      layout_rooms, nemelex_xobeh_ov_fountains_minmay, uniq_duvessa
D:6:      cheibrodos_thug_alley, layout_loops_ring, okawaru_metal_pillars_1_2,
          lightli_temple_of_fire, minmay_temple_entry_slanted, nrook_mini_vaults
Temple:   dpeg_five_rooms_temple

Skill      XL: |  1  2  3  4  5  6  7  8 |
---------------+-------------------------+-----
Conjurations   | 2 3 |  3.7
Spellcasting   | 5 6 |  6.3
Invocations    | 1 2 3 4 |  4.0
Fighting       | 1 2 3 |  3.7
Short Blades   | 1 2 3 |  3.7
Long Blades    | 1 2 3 |  3.7
Axes           | 1 2 3 |  3.7
Maces & Flails | 1 2 3 |  3.7
Polearms       | 1 2 3 |  3.7
Staves         | 1 2 3 |  3.7
Slings         | 1 2 3 |  3.7
Bows           | 1 2 3 |  3.7
Crossbows      | 1 2 3 |  3.7
Throwing       | 1 2 3 |  3.7
Armour         | 1 2 3 |  3.7
Shields        | 1 2 3 |  3.7
Unarmed Combat | 1 2 3 |  3.7
Evocations     | 1 2 3 |  3.7
Hexes          | 1 2 3 |  3.0
Summonings     | 1 2 3 |  3.0
Necromancy     | 1 2 3 |  3.0
Translocations | 1 2 3 |  3.0
Transmutations | 1 2 3 |  3.0
Ice Magic      | 1 2 3 |  3.0
Air Magic      | 1 2 3 |  3.0
Earth Magic    | 1 2 3 |  3.0
Poison Magic   | 1 2 3 |  3.0
Dodging        | 5 |  5.9
Stealth        | 5 |  5.6
Fire Magic     | 6 |  6.3

Action                   |  1- 3 |  4- 6 |  7- 9 || total
-------------------------+-------+-------+-------++-------
Melee: Scimitar          |    15 |    23 |    18 ||    56
       Bite              |     3 |     1 |     7 ||    11
       Punch             |     1 |       |       ||     1
       War axe           |       |       |    26 ||    26
 Cast: Foxfire           |    73 |    87 |   157 ||   317
  Use: Scroll            |       |     5 |       ||     5
       Potion            |       |       |     1 ||     1
 Stab: Sleeping          |     1 |     1 |     4 ||     6
Armor: Robe              |     2 |     2 |    13 ||    17
Dodge: Dodged            |    19 |    29 |    39 ||    87
Block: Other             |     5 |     8 |       ||    13
       Buckler           |       |     3 |     9 ||    12
       Rpst.: Scimitar   |     6 |     6 |    11 ||    23

Table legend: (Time is in decaauts)
 A = Elapsed time spent in this place.
 B = Non-inter-level travel time spent in this place.
 C = Inter-level travel time spent in this place.
 D = Time resting spent in this place.
 E = Time spent auto-exploring this place.
 F = Levels seen in this place.
 G = Mean time per level.
                   A        B        C        D        E       F      G
               +--------+--------+--------+--------+--------+-----+--------+
         Total |   5911 |   5815 |     96 |    221 |   4735 |   7 |  844.4 |
       Dungeon |   5909 |   5813 |     96 |    221 |   4735 |   6 |  984.8 |
        Temple |      1 |      1 |      0 |      0 |      0 |   1 |    1.0 |
               +--------+--------+--------+--------+--------+-----+--------+

Top non-repeatable levels by time:
     D:6: 1571 daAuts
     D:3: 1268 daAuts
     D:5: 1139 daAuts
     D:4: 886 daAuts
     D:2: 863 daAuts
     D:1: 180 daAuts
  Temple: 1 daAuts
